Map: Central Protocol

Players

GreatBanter

  • Race: Zerg Zerg
  • League: Master

Petraeus - Winner!

  • Race: Zerg Zerg
  • League: Master

Event: NationWars III

VOD

Have the link to the VOD?

Description

Time

  • Played on: Nov. 22, 2015, 5:48 p.m.
  • Length: 8:38

All games in this series

Show
View Real Time Build Order
Export as new Build Order

GreatBanter Zerg 

Build Orders: Hatch First 

Get SALT Encoding   

  12  0:00  Drone  
  13  0:12  Overlord  
  13  0:17  Drone  
  14  0:31  Drone x2  
  14  0:35  Drone  
  17  0:55  Hatchery  
  16  0:57  Drone  
  16  0:58  Drone  
  18  1:10  Extractor  
  17  1:12  Spawning Pool  
  17  1:15  Drone  
  17  1:19  Drone  
  18  1:28  Drone  
  19  1:38  Overlord  
  19  2:00  Queen  
  19  2:01  Zergling x4  
  23  2:09  Queen  
  23  2:10  Metabolic Boost, Zergling x2  
  23  2:13  Drone  
  27  2:19  Drone  
  27  2:22  Drone  
  29  2:28  Drone  
  30  2:33  Baneling Nest, Drone  
  30  2:39  Drone  
  31  2:44  Drone  
  31  2:49  Overlord  
  32  2:54  Drone  
  33  3:05  Drone x2  
  33  3:15  Drone x2  
  33  3:17  Zergling x2  
  33  3:18  Zergling x8  
  39  3:25  Zergling x4  
  41  3:30  Hatchery  
  40  3:35  Overlord  
  40  3:36  Baneling x4  
  40  3:40  Drone  
  41  3:47  Drone x2  
  43  3:51  Drone  
  43  3:54  Drone x3  
  43  3:55  Drone  
  48  3:59  Overlord  
  48  4:03  Roach Warren  
  47  4:11  Drone  
  47  4:12  Drone x2  
  49  4:18  Drone x4  
  49  4:20  Extractor  
  49  4:21  Extractor  
  51  4:29  Overlord x2  
  51  4:36  Queen x2  
  55  4:49  Queen  
  56  4:59  Zergling x2  
  57  5:00  Zergling x14  
  64  5:11  Overlord  
  64  5:12  Queen x2  
  64  5:25  Zergling x14, Queen  
  73  5:34  Overlord x2  
  73  5:41  Zergling x6  
  73  5:47  Queen  
  73  5:48  Zergling x6, Queen  
  78  6:04  Drone  
  78  6:05  Drone x2  
  80  6:17  Queen  
  77  6:23  Queen, Zergling x12  
  82  6:35  Baneling x7  
  82  6:36  Zergling x6  
  82  6:39  Queen  
  86  6:52  Queen, Zergling x12  
  90  7:04  Zergling x2  
  90  7:05  Zergling x8  
  95  7:12  Queen  
  95  7:15  Overlord x3  
  92  7:29  Baneling x4  
  90  7:30  Baneling x8  
  90  7:31  Overlord x2  
  90  7:32  Overlord, Queen  
  92  7:37  Hatchery  
  92  7:39  Overlord  
  92  7:42  Overlord, Queen  
  93  7:47  Queen  
  93  7:55  Zergling x14  
  73  8:13  Zergling x2  
  73  8:14  Zergling x10  
Show
View Real Time Build Order
Export as new Build Order

Petraeus Zerg - Winner!

Build Orders: Hatch First 

Get SALT Encoding   

  12  0:01  Drone  
  13  0:08  Drone  
  14  0:17  Overlord  
  14  0:22  Extractor  
  14  0:23  Drone  
  15  0:36  Drone x2  
  17  0:44  Drone  
  18  0:58  Hatchery  
  18  1:01  Drone  
  18  1:04  Extractor  
  18  1:06  Drone  
  18  1:20  Spawning Pool  
  18  1:22  Drone  
  18  1:27  Drone  
  19  1:38  Overlord  
  19  1:48  Drone  
  20  1:59  Drone  
  21  2:07  Metabolic Boost, Queen  
  23  2:09  Queen  
  23  2:12  Drone  
  27  2:15  Drone  
  27  2:21  Zergling x2  
  28  2:23  Drone  
  29  2:31  Drone  
  29  2:32  Drone  
  29  2:37  Baneling Nest  
  30  2:42  Drone  
  30  2:43  Queen  
  33  2:48  Overlord  
  33  2:53  Drone  
  33  2:54  Zergling x2  
  35  3:08  Drone  
  35  3:09  Drone  
  35  3:15  Drone  
  35  3:16  Drone x2  
  35  3:17  Drone x2  
  35  3:18  Drone  
  38  3:23  Drone  
  38  3:24  Drone  
  40  3:30  Zergling x2  
  40  3:32  Lair  
  41  3:36  Drone  
  41  3:37  Extractor  
  41  3:40  Extractor  
  40  3:41  Baneling  
  40  3:43  Drone  
  40  3:47  Overlord  
  41  3:48  Drone x2  
  41  3:51  Drone, Extractor  
  41  3:53  Baneling x2  
  43  3:59  Drone  
  43  4:02  Spine Crawler  
  43  4:05  Drone x2  
  43  4:06  Drone x2  
  47  4:13  Zergling x2  
  47  4:14  Zergling x2  
  48  4:23  Drone x3  
  51  4:24  Overlord  
  51  4:33  Spire  
  51  4:36  Drone  
  51  4:44  Drone  
  52  4:47  Drone  
  52  4:48  Zergling x8  
  57  4:53  Drone x2  
  57  4:55  Overlord  
  59  5:03  Baneling x2  
  59  5:06  Hatchery  
  58  5:09  Zergling x4  
  59  5:20  Drone, Overlord  
  59  5:22  Drone x3  
  62  5:30  Drone x2  
  63  5:38  Overlord x2  
  62  5:46  Mutalisk  
  62  5:47  Mutalisk x2  
  62  5:48  Mutalisk  
  70  5:57  Mutalisk x3  
  70  6:00  Mutalisk x3  
  70  6:03  Zergling x2  
  82  6:10  Overlord  
  82  6:11  Mutalisk  
  82  6:19  Zergling x2  
  82  6:20  Mutalisk  
  82  6:22  Zergling x4  
  82  6:23  Mutalisk  
  82  6:24  Queen  
  87  6:31  Zergling x2  
  87  6:32  Overlord  
  87  6:34  Mutalisk  
  87  6:35  Spine Crawler  
  87  6:37  Spine Crawler  
  87  6:42  Mutalisk  
  87  6:47  Spine Crawler x2, Zergling x4  
  88  6:50  Mutalisk  
  91  6:59  Zergling x8  
  91  7:00  Mutalisk  
  97  7:05  Overlord x2  
  97  7:18  Overlord x3  
  98  7:22  Zergling x2  
  98  7:27  Mutalisk x2  
  96  7:30  Overseer  
  96  7:33  Zergling x10  
  101  7:37  Mutalisk  
  101  7:40  Mutalisk  
  101  7:42  Spine Crawler  
  104  7:50  Zergling x8  
  103  8:00  Zergling x4  
  96  8:06  Zergling x2  
  96  8:07  Zergling x10  
  98  8:18  Roach Warren  
  95  8:22  Hydralisk Den  
  100  8:32  Evolution Chamber  
Tags
 
Add a new tag
Caveats
  • Supply blocks, unpowered buildings, or Contaminate may cause inaccurate times.
  • Supply counts are checked every 10 seconds.